 Dungeon Crawl Stone Soup version 0.25-a0-302-g9f758675c1 (webtiles) character file.

Game seed: 4256682532255442227, levelgen mode: deterministic

5005 tilp the Cleaver (level 10, -4/71 HPs)
             Began as a Human Artificer on Dec 20, 2019.
             Was a Follower of Nemelex Xobeh.
             Slain by a troll (6 damage)
             ... on level 9 of the Dungeon.
             The game lasted 00:18:35 (10199 turns).

tilp the Cleaver (Human Artificer)                 Turns: 10199, Time: 00:18:36

Health: -4/71      AC: 12    Str: 15    XL:     10   Next: 84%
Magic:  12/12      EV:  7    Int: 12    God:    Nemelex Xobeh [*.....]
Gold:   117        SH:  5    Dex: 14    Spells: 9/9 levels left

rFire    . . .     SeeInvis .   b - +3 hand axe (freeze) (curse)
rCold    + . .     Gourm    .   P - +0 buckler
rNeg     . . .     Faith    .   L - +0 shadow dragon scales
rPois    +         Spirit   .   (no helmet)
rElec    +         Reflect  .   (no cloak)
rCorr    +         Harm     .   N - +0 pair of gloves
MR       .....                  O - +0 pair of boots
Stlth    +++.......             (no amulet)
HPRegen  0.21/turn              m - ring of flight
MPRegen  0.13/turn              s - ring of resist corrosion

@: no status effects
A: cold resistance 1, poison resistance, electricity resistance, wild magic 1
a: Draw Escape, Draw Destruction, Draw Summoning, Renounce Religion, Evoke
Flight


You were on level 9 of the Dungeon.
You worshipped Nemelex Xobeh.
Nemelex Xobeh was aware of your devotion.
You were not hungry.

You visited 2 branches of the dungeon, and saw 10 of its levels.
You also visited: Ossuary.

You collected 547 gold pieces.
You spent 430 gold pieces at shops.

Inventory:

Hand Weapons
 a - a +0 broad axe
 b - a cursed +3 hand axe of freezing (weapon)
Missiles
 h - 56 poisoned darts
 j - 206 stones (quivered)
 o - 2 curare-tipped darts
 q - 35 sling bullets
 A - 14 javelins
 H - 2 throwing nets
 I - 2 boomerangs
Armour
 L - +0 shadow dragon scales (worn)
 N - a +0 pair of gloves (worn)
 O - a +0 pair of boots (worn)
 P - a +0 buckler (worn)
Jewellery
 m - a ring of flight (left hand)
 s - a ring of resist corrosion (right hand)
Wands
 d - a wand of enslavement (14)
 e - a wand of random effects (5)
 f - a wand of flame (18)
 n - a wand of digging (3)
 y - a wand of paralysis (4)
 J - a wand of disintegration (29)
 K - a wand of acid (4)
 R - a wand of iceblast (16)
Scrolls
 g - 9 scrolls of amnesia
 i - 2 scrolls of teleportation
 k - 10 scrolls of remove curse
 B - 2 scrolls of enchant armour {unknown}
 C - a scroll of magic mapping
 D - 2 scrolls of blinking {unknown}
 G - 2 scrolls of fear
Potions
 p - a potion of haste
 r - 2 potions of magic
 t - 3 potions of ambrosia
 u - a potion of agility
 v - a potion of might
 w - a potion of cancellation
 x - 3 potions of heal wounds
 z - 5 potions of brilliance
 E - 2 potions of mutation
 F - 2 potions of curing
 M - a potion of invisibility {unknown}
Comestibles
 c - 16 rations


   Skills:
 - Level 4.0 Fighting
   Level 1.0 Short Blades
 + Level 13.5 Axes
 - Level 2.0 Dodging
 - Level 1.0 Stealth
 - Level 4.0 Shields
 - Level 3.0 Evocations


You had 9 spell levels left.
You didn't know any spells.
Your spell library contained the following spells:

 Spells                   Type           Power        Failure   Level  Hunger
 Foxfire                  Conj/Fire      #...         100%        1    ##.....
 Conjure Flame            Conj/Fire      #.......     100%        3    ####...
 Inner Flame              Hex/Fire       #.......     100%        3    ####...
 Sticky Flame             Conj/Fire      #.......     100%        4    #####..
 Fireball                 Conj/Fire      #.........   100%        5    ######.


Dungeon Overview and Level Annotations

Branches:
Dungeon (9/15)             Temple (1/1) D:6         Ossuary (visited)
   Lair: D:8-11         Orc: D:9-12

Altars:
Ashenzari
Cheibriados
Elyvilon
Fedhas
Gozag
Hepliaklqana
Kikubaaqudgha
Makhleb
Nemelex Xobeh
Okawaru
Qazlal
Ru
Sif Muna
Trog
Uskayaw
Vehumet
Wu Jian
Xom
Yredelemnul
Zin
The Shining One

Shops:
D:6 =   D:7 [=[[   D:9 !(


Innate Abilities, Weirdness & Mutations

Your flesh is cold resistant. (rC+)
Your system is resistant to poisons. (rPois)
You are resistant to electric shocks. (rElec)
Your spells are a little harder to cast, but a little more powerful.


Message History

The troll bites you!
* * * LOW HITPOINT WARNING * * *
The troll claws you.
* * * LOW HITPOINT WARNING * * *
The troll barely misses you.
You hit the troll but do no damage.
The troll is heavily wounded.
The troll bites you.
* * * LOW HITPOINT WARNING * * *
You block the troll's attack. The troll claws you.
* * * LOW HITPOINT WARNING * * *
Unknown command.
You draw a card...
You have drawn the Illusion.
Suddenly you stand beside yourself. The troll barely misses you.
The troll claws you but does no damage. The troll claws you!
* * * LOW HITPOINT WARNING * * *
Unknown command.
The troll bites you.
You die...
Your body disappears without a glow.

########.....# #.#.
#...##### ## #.#.
#.#.#######.## #.#.
#^#...>...... #.#. #
#.#######.# #... #.#
##.#########. #.#
#............
#.#.######..#########.
#...@@T)....# #.......
###########?# #.#####.
.# #. (. #. T.# #> ...
#. ..$. #. .... ##


You could see a troll and the friendly tilp's illusion.

Vanquished Creatures
  Pikel (D:6)
  Grinder (D:6)
  3 hippogriffs
  A human (D:8)
  A hungry ghost (D:8)
  2 orc warriors
  2 slaves (D:6)
  A black bear (D:6)
  A sky beast (D:7)
  An ice beast (D:5)
  4 ogres
  A phantom (D:9)
  2 centaurs (D:5)
  A big kobold (D:3)
  3 bullfrogs (D:7)
  3 scorpions
  A water moccasin skeleton (D:8)
  7 wights
  6 howler monkeys (D:8)
  3 crimson imps
  2 centaur zombies (Ossuary)
  A bullfrog zombie (D:6)
  7 hounds
  4 jellies
  A gnoll shaman (D:4)
  An orc priest (D:4)
  11 orc wizards
  A bullfrog skeleton (D:5)
  2 iguanas
  6 worker ants
  A big kobold zombie (Ossuary)
  A hound zombie (D:8)
  3 hound skeletons
  2 mummies (Ossuary)
  A howler monkey zombie (D:7)
  A worker ant zombie (D:5)
  8 gnolls
  13 adders
  2 shadow imps
  An ooze (D:2)
  3 adder skeletons
  An adder zombie (D:6)
  2 worms (D:2)
  4 dart slugs
  5 leopard geckos
  27 orcs
  A ball python (D:4)
  5 giant cockroaches
  2 gnoll zombies (Ossuary)
  5 goblins
  8 hobgoblins
  8 jackals
  7 kobolds
  4 quokkas
  7 bats
  4 frilled lizards
  A goblin zombie (Ossuary)
  3 leopard gecko skeletons
  2 orc zombies (Ossuary)
  6 rats
  4 fungi (D:5)
223 creatures vanquished.

Notes
Turn   | Place    | Note
-------+----------+-------------------------------------------
     0 | D:1      | tilp the Human Artificer began the quest for the Orb.
     0 | D:1      | Reached XP level 1. HP: 15/15 MP: 3/3
   311 | D:1      | Reached XP level 2. HP: 15/22 MP: 4/4
  1158 | D:2      | Reached XP level 3. HP: 28/28 MP: 5/5
  1249 | D:2      | Reached skill level 1 in Axes
  1327 | D:2      | Reached XP level 4. HP: 19/35 MP: 6/6
  1676 | D:2      | Reached skill level 2 in Axes
  2092 | D:3      | Reached XP level 5. HP: 41/41 MP: 7/7
  2595 | D:3      | Reached skill level 3 in Axes
  2595 | D:3      | Reached XP level 6. HP: 36/48 MP: 8/8
  2902 | D:3      | Reached skill level 4 in Axes
  3127 | D:4      | Found a sand-covered staircase.
  3134 | Ossuary  | Entered an ossuary
  3351 | Ossuary  | Reached skill level 5 in Axes
  3509 | Ossuary  | Reached XP level 7. HP: 49/54 MP: 9/9
  4004 | D:4      | Reached skill level 6 in Axes
  4289 | D:4      | Identified the +1 falchion of Gluttony {venom, +Inv rPois
                  | MR+++ Dex-3}
  4322 | D:4      | Gained mutation: Your system is resistant to poisons.
                  | (rPois) [potion of mutation]
  4322 | D:4      | Gained mutation: You are resistant to electric shocks.
                  | (rElec) [potion of mutation]
  4322 | D:4      | Gained mutation: Your spells are a little harder to cast,
                  | but a little more powerful. [potion of mutation]
  4322 | D:4      | Gained mutation: Your flesh is cold resistant. (rC+)
                  | [potion of mutation]
  5104 | D:4      | Reached skill level 7 in Axes
  5104 | D:4      | Reached XP level 8. HP: 54/60 MP: 10/10
  5272 | D:5      | Entered Level 5 of the Dungeon
  5655 | D:5      | Found a hide-covered altar of Uskayaw.
  5707 | D:5      | Reached skill level 8 in Axes
  6188 | D:5      | Reached skill level 9 in Axes
  6716 | D:6      | Found a staircase to the Ecumenical Temple.
  6823 | Temple   | Entered the Ecumenical Temple
  6928 | Temple   | Became a worshipper of Nemelex Xobeh the Trickster
  7085 | D:6      | Reached XP level 9. HP: 60/65 MP: 11/11
  7192 | D:6      | Noticed Pikel
  7229 | D:6      | Killed Pikel
  7229 | D:6      | Reached skill level 10 in Axes
  7367 | D:6      | Noticed Grinder
  7377 | D:6      | Killed Grinder
  7377 | D:6      | Reached skill level 11 in Axes
  7413 | D:6      | HP: 3/65 [wight/+4 great sword (3)]
  7762 | D:6      | Received a gift from Nemelex Xobeh
  7771 | D:6      | Found Mieguu's Jewellery Shoppe.
  7885 | D:7      | Found Itoff's Antique Armour Emporium.
  8076 | D:7      | Reached skill level 12 in Axes
  8076 | D:7      | Reached XP level 10. HP: 51/71 MP: 12/12
  8083 | D:7      | Bought a pair of gloves for 126 gold pieces
  8083 | D:7      | Bought a pair of boots for 126 gold pieces
  8083 | D:7      | Bought a buckler for 126 gold pieces
  8319 | D:7      | Reached skill level 1 in Shields
  8330 | D:7      | Found Asaxtoz's Antique Armour Boutique.
  8385 | D:7      | Found Utoczad's Jewellery Boutique.
  8772 | D:7      | Found Coacaergh's Armour Emporium.
  9127 | D:8      | Reached skill level 13 in Axes
  9463 | D:8      | Reached * piety under Nemelex Xobeh
  9800 | D:8      | Found a shimmering altar of Xom.
  9801 | D:8      | Found a shimmering altar of Xom.
  9802 | D:8      | Found a shimmering altar of Xom.
  9802 | D:8      | Found a shimmering altar of Xom.
  9803 | D:8      | Found a shimmering altar of Xom.
  9803 | D:8      | Found a shimmering altar of Xom.
  9804 | D:8      | Found a shimmering altar of Xom.
  9859 | D:9      | Found Qash's Distillery.
  9891 | D:9      | Found Uweobuat's Weapon Emporium.
  9894 | D:9      | Bought a +0 broad axe for 52 gold pieces
  9917 | D:9      | Found a bloodstained altar of Trog.
 10198 | D:9      | HP: 2/71 [troll (10)]
 10199 | D:9      | Slain by a troll

Levels and vault maps discovered:
D:1:      evilmike_arrival_plus, layout_basic, serial_forest,
          infiniplex_forest_lined_2, infiniplex_forest_split,
          infiniplex_forest_straight_2, infiniplex_forest_clump_diagonal,
          infiniplex_forest_zigzag_1, infiniplex_forest_clump_diagonal,
          infiniplex_forest_end_1, infiniplex_forest_straight_5,
          infiniplex_forest_lined_3
D:2:      layout_rooms
D:3:      layout_loops_ring, minmay_bisected
D:4:      layout_loops_ring, lightli_ossuary_entry_decrepit_ruins,
          roderic_lattice_a
D:5:      layout_rooms, eat_drink_and_be_merry_uskayaw, first_ration,
          water_boxes_lemuel
D:6:      layout_loops_cross, minmay_temple_entry_stoned_glass,
          minmay_shop_enchanted_jewellery, uniq_grinder, uniq_pikel
D:7:      layout_basic, serial_shops, nicolae_shop_statue_plus,
          nicolae_shop_behind_doors, nicolae_shop_behind_doors,
          nicolae_shop_waterfront
D:8:      layout_loops_ring, grunt_pizzeria, hangedman_decor_points,
          xom_shifter_show
D:9:      layout_loops_ring, ebering_ghost_reflecting_pool, serial_shops,
          kennysheep_mini_moat, kennysheep_little_box,
          nicolae_shop_behind_doors, shop, shop, ebering_dispersal_statue_hall,
          trog_three_pillars_becter
Temple:   regret_index_temple_sigil_plot

Skill      XL: |  1  2  3  4  5  6  7  8  9 10 |
---------------+-------------------------------+-----
Fighting       | 2 3 4 |  4.0
Axes           | 1 2 3 5 7 9 12 13 | 13.5
Shields        | 4 |  4.0
Short Blades   | |  1.0
Dodging        | |  2.0
Stealth        | |  1.0
Evocations     | |  3.0

Action                   |  1- 3 |  4- 6 |  7- 9 | 10-12 || total
-------------------------+-------+-------+-------+-------++-------
Melee: Short sword       |    66 |       |       |       ||    66
       Hand axe          |    47 |   186 |   456 |   259 ||   948
Throw: Stone             |       |    11 |     4 |     5 ||    20
 Abil: Evoke Flight      |       |       |     2 |       ||     2
       Draw Destruction  |       |       |     2 |     3 ||     5
       Draw Summoning    |       |       |       |     1 ||     1
Evoke: Wand              |       |     1 |    16 |     3 ||    20
  Use: Scroll            |       |     5 |     6 |     4 ||    15
       Potion            |       |       |     5 |       ||     5
 Stab: Sleeping          |     1 |       |     3 |     7 ||    11
       Paralysed         |       |       |     5 |       ||     5
  Eat: Chunk             |     1 |     4 |    12 |    10 ||    27
       Ration            |       |     1 |     1 |       ||     2
Armor: Leather armour    |    15 |       |       |       ||    15
       Ring mail         |    10 |       |       |       ||    10
       Chain mail        |    34 |   123 |   138 |       ||   295
       Skin              |       |       |     9 |       ||     9
       Shadow dragon sca |       |       |    73 |   108 ||   181
Dodge: Dodged            |    67 |    58 |    91 |    64 ||   280
Block: Buckler           |       |       |       |    11 ||    11

Table legend:
 A = Non-vault XP
 B = Vault XP
 C = Vault XP percentage of total XP
 D = Non-vault monster count
 E = Vault monster count
 F = Vault count percentage of total count
                 A         B        C        D         E       F
            +---------+---------+-------+---------+---------+-------
      Total |    5914 |    1236 |  17.3 |     204 |      13 |   6.0
            +---------+---------+-------+---------+---------+-------
        D:1 |      26 |       0 |   0.0 |      15 |       0 |   0.0
        D:2 |     103 |       0 |   0.0 |      29 |       0 |   0.0
        D:3 |     290 |       0 |   0.0 |      28 |       0 |   0.0
        D:4 |     497 |       0 |   0.0 |      26 |       0 |   0.0
        D:5 |     728 |       0 |   0.0 |      29 |       0 |   0.0
        D:6 |     662 |     896 |  57.5 |      17 |       2 |  10.5
        D:7 |    1810 |       0 |   0.0 |      27 |       0 |   0.0
        D:8 |    1309 |     185 |  12.4 |      30 |       1 |   3.2
        D:9 |     489 |       0 |   0.0 |       3 |       0 |   0.0
    Ossuary |       0 |     155 | 100.0 |       0 |      10 | 100.0
            +---------+---------+-------+---------+---------+-------
